 Dungeon Crawl Stone Soup version 0.31-a0-1467-g53b6572822 (webtiles) character file.

Game seed: 6443008235318604337

293671 Dirtsage the Metamorph (level 20, -1/187 HPs)
             Began as an Octopode Shapeshifter on Dec 25, 2023.
             Was the Champion of the Shining One.
             Slain by a fire giant
             ... wielding a +1 great sword of flaming
              (22 damage)
             ... on level 3 of the Depths on Dec 28, 2023.
             The game lasted 01:40:26 (43389 turns).

Dirtsage the Metamorph (Octopode Shapeshifter)     Turns: 43389, Time: 01:40:26

Health: -1/187     AC: 39    Str: 21    XL:     20   Next: 83%
Magic:  0/31       EV: 27    Int: 18    God:    the Shining One [******]
Gold:   3046       SH:  0    Dex: 19    Spells: 28/33 levels left

rFire   . .          .
                       - Unarmed
rCold   . . .        (no shield)
rNeg    + + +        r - +2 hat
rPois   ∞            J - amulet of guardian spirit
rElec   +            e - +4 ring of protection
rCorr   +            W - ring of wizardry
SInv    +            M - +6 ring of intelligence
Will    +....        C - ring of resist corrosion
Stlth   +            N - +6 ring of strength
HPRegen 0.51/turn    P - +4 ring of protection
MPRegen 0.22/turn    S - ring of Fanaticism {Fly SInv}
                     s - +5 ring of evasion

%: guardian spirit, wizardry (x1)
@: statue-form, flying, glowing, studying Ranged Weapons, very slow
A: slow and powerful, torment resistance 1, boosted hp, almost no armour,
amphibious, 8 rings, camouflage 1, (gelatinous body 1), (nimble swimmer 1),
tentacles
}: 2/15 runes: decaying, gossamer
a: Begin Untransformation, Renounce Religion, Divine Shield, Cleansing Flame,
Summon Divine Warrior, Brand Weapon With Holy Wrath


You were on level 3 of the Depths.
You worshipped the Shining One.
The Shining One was exalted by your worship.
You were a living statue of rough stone.
You visited 7 branches of the dungeon, and saw 34 of its levels.

You collected 4334 gold pieces.
You spent 1288 gold pieces at shops.

Inventory:

Missiles
 y - 9 throwing nets
 H - 5 curare-tipped darts
Armour
 r - a +2 hat (worn)
Jewellery
 e - a +4 ring of protection (left tentacle)
 s - a +5 ring of evasion (on tentacle)
 C - a ring of resist corrosion (on tentacle)
 J - an amulet of guardian spirit (around mantle)
 M - a +6 ring of intelligence (on tentacle)
 N - a +6 ring of strength (on tentacle)
 O - a +6 ring of strength
 P - a +4 ring of protection (on tentacle)
 S - the ring of Fanaticism (on tentacle) {Fly SInv}
   (You acquired it on level 15 of the Dungeon)

   [ring of flight]

   SInv:      It lets you see invisible.
   Fly:       It grants you flight.
 W - a ring of wizardry (right tentacle)
 Y - a ring of fire
Talismans
 b - a dragon-blood talisman
 z - a granite talisman (active)
Wands
 k - a wand of paralysis (20)
 m - a wand of light (26)
 u - a wand of flame (40)
 D - a wand of digging (19)
 L - a wand of mindburst (46)
 X - a wand of roots (10)
Scrolls
 c - 3 scrolls of summoning
 g - 5 scrolls of fear
 i - 24 scrolls of identify
 p - 2 scrolls of immolation
 t - 10 scrolls of teleportation
 B - 9 scrolls of blinking
 E - 3 scrolls of vulnerability
 F - 6 scrolls of fog
 G - 2 scrolls of poison
 K - 2 scrolls of revelation
 Q - 7 scrolls of amnesia
 R - 5 scrolls of enchant armour
 T - 2 scrolls of silence
 V - 3 scrolls of noise
Potions
 a - 8 potions of lignification
 d - 10 potions of might
 f - a potion of brilliance
 h - 2 potions of haste
 j - 13 potions of mutation
 l - 2 potions of heal wounds
 n - 3 potions of resistance
 o - 2 potions of invisibility
 q - 18 potions of curing
 v - 4 potions of magic
 w - 2 potions of degeneration
 x - 7 potions of ambrosia
 I - 3 potions of attraction
 U - 3 potions of berserk rage
 Z - 3 potions of cancellation
Miscellaneous
 A - a box of beasts


   Skills:
 + Level 14.5 Fighting
 + Level 14.5 Dodging
 - Level 17.3 Unarmed Combat
 + Level 7.4 Spellcasting
 - Level 8.5 Conjurations
 - Level 8.4 Ice Magic
 - Level 8.4 Air Magic
 - Level 15.6 Invocations
 * Level 9.8 Evocations
 + Level 17.8 Shapeshifting


You had 28 spell levels left.
You knew the following spells:

 Your Spells              Type           Power      Damage    Failure   Level
a - Freezing Cloud        Conj/Ice/Air   18%        6-21      3%          5

Your spell library contained the following spells:

 Spells                   Type           Power      Damage    Failure   Level
 Foxfire                  Conj/Fire      88%        2x1d8     1%          1
 Cigotuvi's Dreadful Rot  Necr/Alch/Air  32%        N/A       1%          2
 Ensorcelled Hibernation  Hex/Ice        42%        N/A       1%          2
 Static Discharge         Conj/Air       74%        3-7/arc   1%          2
 Swiftness                Air            37%        N/A       1%          3
 Airstrike                Air            18%        2d(3-19)  1%          4
 Scorch                   Fire           12%        2d5       6%          2
 Flame Wave               Conj/Fire      22%        2d8       8%          4
 Summon Lightning Spire   Summ/Air       21%        N/A       8%          4
 Passwall                 Erth           6%         N/A       12%         3
 Ignite Poison            Fire/Alch      6%         N/A       38%         4
 Plasma Beam              Fire/Air       10%        2x1d21    69%         6
 Starburst                Conj/Fire      11%        6d5       69%         6
 Alistair's Intoxication  Alch           4%         N/A       71%         5
 Borgnjor's Vile Clutch   Necr/Erth      3%         N/A       71%         5
 Eringya's Noxious Bog    Alch           3%         4d6       99%         6
 Summon Cactus Giant      Summ           3%         N/A       99%         6


Dungeon Overview and Level Annotations

Branches:
Dungeon (15/15)            Temple (1/1) D:7            Lair (5/5) D:10
  Swamp (4/4) Lair:2       Spider (4/4) Lair:3        Slime (0/5) Lair:4
    Orc (2/2) D:9             Elf (0/3) Orc:2        Vaults (0/5) D:13
 Depths (3/4) D:15

Altars:
Ashenzari
Cheibriados
Dithmenos
Elyvilon
Fedhas
Gozag
Hepliaklqana
Kikubaaqudgha
Makhleb
Nemelex Xobeh
Okawaru
Qazlal
Ru
Sif Muna
Trog
Uskayaw
Vehumet
Wu Jian
Xom
Yredelemnul
Zin
The Shining One
Jiyva

Shops:
D:10 !!?*(   D:13 (   Orc:2 ([??[   Depths:3 [

Portals:
Hell: Depths:1 Depths:2 Depths:3
Abyss: Lair:1
Pandemonium: Depths:1 Depths:2
Ziggurat: Depths:1

Annotations:
D:14 3 runed translucent doors, bumbalina's ghost, journeyman GrMo
Lair:1 2 transporters, exclusion: 2 oklob plants, Asparus's ghost, journeyman DsCj
Lair:3 2 transporters


Innate Abilities, Weirdness & Mutations

You are a living statue of rough stone.
Your actions are slow, but your melee attacks are powerful.
You are resistant to unholy torment.
Your maximum health is greatly increased.
You cannot wear most types of armour.
You are amphibious.
You can wear up to eight rings at the same time.
You are immune to poison.
Your skin changes colour to match your surroundings (Stealth+).
((Your rubbery body absorbs attacks. (AC +1, EV +1)))
((You are camouflaged when in or above water. (Stealth+)))
You have tentacles for arms and can constrict up to eight enemies at once.


Message History

A spriggan berserker comes into view. It is wielding a +2 antimagic hand axe.
Items here: $ ) [ †.
Okay, then.
As you read the scroll of teleportation, it crumbles to dust.
You feel strangely unstable.
You tentacle-slap the spriggan berserker.
You grab the spriggan berserker. You squeeze the spriggan berserker!!
The spriggan berserker is heavily wounded.
You constrict the spriggan berserker.
The spriggan berserker invokes Trog's protection!
The spriggan berserker hits you but does no damage.
You bludgeon the spriggan berserker! You squeeze the spriggan berserker!
The spriggan berserker is almost dead.
You constrict the spriggan berserker.
You kill the spriggan berserker!
Your surroundings suddenly seem different.
A fire giant comes into view.
It is wielding a +1 great sword of flaming.
The fire giant shouts!
You hear a shout!
The fire giant completely misses you.
You batter the fire giant!!
The fire giant is lightly wounded.
The fire giant hits you but does no damage.
You bludgeon the fire giant!
You squeeze the fire giant, but do no damage.
The fire giant is moderately wounded.
The fire giant closely misses you.
You bludgeon the fire giant! You tentacle-slap the fire giant.
You squeeze the fire giant, but do no damage.
The fire giant is heavily wounded.
The fire giant gestures at you while chanting.
The bolt of fire hits you!!
* * * LOW HITPOINT WARNING * * *
You take 22 damage, and have 1/187 hp.
You now have 0/31 mp.
You completely miss the fire giant.
You squeeze the fire giant, but do no damage.
The fire giant is heavily wounded.
The fire giant hits you but does no damage.
You feel much better.
The fire giant hits you with a +1 great sword of flaming!!
You die...

#. .. #.
... #.
#... #.
#.... #.
##...# #
#.#....#
##
#.....#
##.
#.8...#
#..
#..C.##
..#####..
#.......
.........
#.###.###
###.####.
#. ...
.........
## ##.
###.####.
# #.
.#.####.
.'......


You could see a fire giant.

Vanquished Creatures
  Frederick (Depths:3)
  the Lernaean hydra (Swamp:4)
  A golden dragon (Depths:2)
  A profane servitor (Depths:1)
  A bone dragon (Depths:1)
  2 tentacled monstrosities
  2 liches
  2 walking crystal tomes (Depths:2)
  3 sphinxes
  2 tengu reavers
  Kirke (D:13)
  Roxanne (D:15)
  3 fenstrider witches
  5 emperor scorpions
  5 ghost moths
  6 fire giants
  6 frost giants
  An orc warlord (Orc:2)
  18 very ugly things
  3 vampire knights
  9 stone giants
  A broodmother (Spider:4)
  5 eleionomae
  3 bunyips
  A war gargoyle (Depths:1)
  Snorg (Orc:1)
  2 pearl dragon zombies (Depths:1)
  7 ettins
  Josephine (Lair:5)
  7 fire dragons
  2 entropy weavers
  6 rakshasas
  A shambling mangrove (Swamp:3)
  A salamander tyrant (Depths:1)
  3 spriggan air magi
  5 ogre magi
  3 jorogumos
  A hell beast (Depths:1)
  4 ice dragons
  8 alligators
  29 hydras
  6 boulder beetles
  A radroach (Spider:4)
  6 centaur warriors
  2 death yaks (Lair:4)
  2 orc high priests
  A death knight (Depths:1)
  3 hell hogs (Depths:1)
  22 two-headed ogres
  8 tengu warriors
  4 deep troll shamans
  8 demonic crawlers
  9 deep troll earth magi
  3 spriggan berserkers
  The ghost of graki42 the Thaumaturge, a journeyman DEAl of Vehumet (D:10)
  Urug (Orc:1)
  A soul eater (Depths:1)
  Amaemon (Lair:3)
  An occultist (Depths:3)
  6 hell knights (Depths:1)
  11 spriggans
  A skyshark (shapeshifter) (D:15)
  A goliath frog (Swamp:2)
  Nergalle (Lair:3)
  8 iron trolls
  4 pharaoh ants
  A shadow wraith (D:13)
  A skyshark (Lair:5)
  4 spriggan druids
  16 deep trolls
  5 glowing orange brains
  3 sun moths
  12 swamp dragons
  4 orb spiders
  3 bog bodies
  2 necromancers (Depths:1)
  A lindwurm (Lair:5)
  4 deep elf pyromancers
  A steelbarb worm (Spider:3)
  An orc knight (D:15)
  Maurice (Orc:1)
  A deep elf zephyrmancer (D:14)
  10 wolf spiders
  2 cyclopes
  2 orc sorcerers (D:15)
  30 ugly things
  4 will-o-the-wisps
  7 meliai
  An apis skeleton (Depths:1)
  Joseph (Lair:1)
  A moth of wrath (Spider:2)
  16 elephants
  A kobold blastminer (Orc:1)
  3 manticores
  A guardian serpent (shapeshifter) (Depths:2)
  A cane toad (shapeshifter) (D:13)
  A smoke demon (Depths:1)
  2 molten gargoyles (Lair:5)
  5 black mambas
  2 gargoyles
  A hellion (Depths:1)
  An unseen horror (shapeshifter) (D:14)
  3 kobold demonologists (D:9)
  2 unseen horrors
  5 torpor snails
  18 cane toads
  An orange demon (Lair:3)
  3 efreet
  A tengu conjurer (Depths:3)
  A freezing wraith (Depths:1)
  A yaktaur (D:15)
  The ghost of kibaces the Shooter, a novice KoHu (D:4)
  9 komodo dragons
  A tormentor (Depths:1)
  7 rime drakes
  3 red devils (D:12)
  A bloated husk (Swamp:1)
  8 tyrant leeches
  A queen bee (shapeshifter) (D:13)
  A troll (shapeshifter) (D:13)
  6 trolls
  13 hornets
  24 tarantellas
  Prince Ribbit (D:9)
  12 blink frogs
  2 glass eyes (Depths:2)
  14 culicivoras
  A centaur simulacrum (D:10)
  19 jumping spiders
  A vampire (D:11)
  A shadow (D:13)
  16 slime creatures
  5 wraiths (Lair:5)
  6 wyverns
  A ynoxinul (Depths:2)
  11 water elementals
  7 basilisks
  73 yaks
  4 hogs (D:13)
  3 wargs
  24 redbacks
  4 vampire mosquitoes
  4 steam dragons
  18 swamp worms
  3 acid dragons
  14 water moccasins
  Duvessa (D:5)
  10 swamp drakes
  5 hell hounds (Lair:5)
  2 ice beasts
  4 black bears
  9 ogres
  20 orc warriors
  6 wolves (Lair:5)
  10 centaurs
  4 phantoms
  11 kobold brigands
  9 bullfrogs
  4 necrophages (Lair:4)
  6 gnoll sergeants
  A scorpion (D:4)
  Dowan (D:5)
  A wight (D:9)
  5 killer bees
  4 electric eels
  2 howler monkeys
  A bombardier beetle (D:4)
  5 lava snakes (Lair:5)
  11 hounds
  15 orc priests
  5 gnoll boudas (D:5)
  2 sleepcaps
  7 hell rats (Lair:3)
  5 iguanas
  20 orc wizards
  8 adders
  39 gnolls
  A shadow imp (D:5)
  14 white imps
  6 ufetubi
  3 worms
  A dart slug (D:1)
  73 orcs
  11 endoplasms
  8 giant cockroaches
  6 goblins
  4 hobgoblins
  6 jackals
  6 quokkas
  11 ball pythons
  7 bats
  7 frilled lizards
  40 kobolds
  6 rats
1226 creatures vanquished.

Vanquished Creatures (collateral kills)
  Jorgrun (Swamp:1)
  A spark wasp (Spider:4)
  An ogre mage (Orc:2)
  3 two-headed ogres (Orc:2)
  3 demonic crawlers (Spider:3)
  A wolf spider (Spider:4)
  2 meliai (Spider:4)
  3 apis skeletons (Depths:1)
  A molten gargoyle (Lair:5)
  A jumping spider (Spider:4)
  A culicivora (Spider:4)
  9 redbacks
  3 orc warriors (Orc:2)
  A swamp drake (Swamp:4)
  16 ogres (Orc:2)
  2 orc priests (Orc:2)
  2 orc wizards (Orc:2)
  3 orcs (Orc:2)
54 creatures vanquished.

Vanquished Creatures (others)
  A vampire mage (Depths:2)
  An ugly thing (Depths:2)
  A bloated husk (Swamp:1)
  A jumping spider (Spider:2)
  A centaur (D:10)
  A laughing skull (D:10)
  14 foxfires
20 creatures vanquished.

Grand Total: 1300 creatures vanquished

Notes
Turn   | Place    | Note
-------+----------+-------------------------------------------
     0 | D:1      | Dirtsage the Octopode Shapeshifter began the quest for the
                  | Orb.
     0 | D:1      | Reached XP level 1. HP: 13/13 MP: 1/1
    78 | D:1      | Reached XP level 2. HP: 15/18 MP: 2/2
   318 | D:1      | Reached XP level 3. HP: 23/23 MP: 3/3
   591 | D:2      | Reached XP level 4. HP: 21/28 MP: 4/4
   769 | D:2      | Reached skill level 5 in Shapeshifting
   824 | D:2      | Reached XP level 5. HP: 33/33 MP: 5/5
  1665 | D:3      | Reached XP level 6. HP: 23/38 MP: 6/6
  2772 | D:4      | Identified the staff "Honosinn" {*Slow +Blink rElec rC+
                  | Int+6 Ice}
  3184 | D:4      | Reached XP level 7. HP: 43/43 MP: 7/7
  3270 | D:4      | Found a runed translucent door.
  3272 | D:4      | Noticed kibaces's ghost (novice KoHu)
  3912 | D:5      | Entered Level 5 of the Dungeon
  4128 | D:4      | Killed kibaces's ghost
  4129 | D:4      | Reached XP level 8. HP: 25/48 MP: 8/8
  4771 | D:5      | Noticed Duvessa
  4777 | D:5      | Noticed Dowan
  4781 | D:5      | Killed Duvessa
  4782 | D:5      | Reached skill level 10 in Shapeshifting
  4784 | D:5      | Killed Dowan
  4991 | D:5      | Reached XP level 9. HP: 46/53 MP: 9/9
  5107 | D:5      | Found a broken altar of Ashenzari.
  5982 | D:5      | Found a hide-covered altar of Uskayaw.
  6010 | D:5      | Found an iron altar of Okawaru.
  6515 | D:5      | Identified a scroll of acquirement
  7148 | D:6      | Noticed a two-headed ogre
  7161 | D:6      | Killed a two-headed ogre
  7203 | D:6      | Reached skill level 5 in Unarmed Combat
  7203 | D:6      | Reached XP level 10. HP: 61/63 MP: 10/10
  7835 | D:7      | Reached skill level 5 in Dodging
  8305 | D:7      | Found a staircase to the Ecumenical Temple.
  8334 | Temple   | Entered the Ecumenical Temple
  8349 | Temple   | Became a worshipper of the Shining One
  9240 | D:8      | Reached skill level 5 in Fighting
  9475 | D:8      | Noticed a deep elf pyromancer
  9488 | D:8      | Killed a deep elf pyromancer
  9769 | D:8      | Reached skill level 1 in Invocations
 10288 | D:9      | Noticed Prince Ribbit
 10310 | D:9      | Killed Prince Ribbit
 10493 | D:9      | Noticed a kobold demonologist
 10493 | D:9      | Noticed a kobold demonologist
 10493 | D:9      | Noticed a kobold demonologist
 10494 | D:9      | Noticed a soul eater
 10685 | D:9      | Found a staircase to the Orcish Mines.
 10723 | D:9      | Noticed a soul eater
 10728 | D:9      | Noticed a sun demon
 10781 | D:9      | Noticed a sixfirhy
 10984 | D:9      | Killed a kobold demonologist
 10985 | D:9      | Reached XP level 11. HP: 61/72 MP: 13/13
 11262 | D:9      | Reached * piety under the Shining One
 11350 | D:10     | Entered Level 10 of the Dungeon
 11423 | D:10     | Noticed an ogre mage
 11427 | D:10     | Found a runed translucent gate.
 11427 | D:10     | Found a runed translucent gate.
 11427 | D:10     | Found a runed translucent gate.
 11428 | D:10     | Noticed graki42's ghost (journeyman DEAl)
 11434 | D:10     | Noticed a two-headed ogre
 11438 | D:10     | Found a staircase to the Lair.
 11445 | D:10     | Killed a two-headed ogre
 11504 | D:10     | Found Harchidd's Assorted Antiques.
 11507 | D:10     | Bought a scroll of identify for 54 gold pieces
 11507 | D:10     | Bought a scroll labelled MAN XAIQUPAMIU for 27 gold pieces
 11507 | D:10     | Bought a scroll of identify for 54 gold pieces
 11515 | D:10     | Found Peannin's Antique Weapon Shop.
 11613 | D:10     | Reached skill level 5 in Invocations
 11763 | D:10     | Found a shimmering altar of Xom.
 11764 | D:10     | Found a hazy altar of Hepliaklqana.
 11765 | D:10     | Found a glowing silver altar of Zin.
 11766 | D:10     | Found an ancient bone altar of Kikubaaqudgha.
 11964 | D:10     | Found Unorphef's Magic Scroll Boutique.
 12055 | D:10     | Bought a scroll of identify for 28 gold pieces
 12055 | D:10     | Bought a scroll of identify for 28 gold pieces
 12055 | D:10     | Bought a scroll of identify for 28 gold pieces
 12055 | D:10     | Bought a scroll of blinking for 105 gold pieces
 12055 | D:10     | Bought a scroll of teleportation for 42 gold pieces
 12055 | D:10     | Bought a scroll of noise for 14 gold pieces
 12244 | D:10     | Noticed a two-headed ogre
 12252 | D:10     | Killed a two-headed ogre
 12617 | D:10     | Found Cefresam's Distillery.
 12618 | D:10     | Found Elurusch's Distillery.
 12623 | D:10     | Bought a potion of lignification for 30 gold pieces
 12623 | D:10     | Bought a potion of lignification for 30 gold pieces
 12623 | D:10     | Bought a potion of mutation for 80 gold pieces
 12634 | D:10     | Bought 2 potions of heal wounds for 120 gold pieces
 12982 | D:11     | Acquired a manual of Shapeshifting
 12983 | D:11     | Acquired 725 gold pieces
 13059 | D:11     | Noticed a cyclops
 13076 | D:11     | Killed a cyclops
 13096 | D:11     | Noticed a two-headed ogre
 13114 | D:11     | Reached skill level 10 in Unarmed Combat
 13118 | D:11     | Reached XP level 12. HP: 19/81 MP: 17/17
 13134 | D:11     | Killed a two-headed ogre
 13177 | D:11     | Noticed a two-headed ogre
 13203 | D:11     | Killed a two-headed ogre
 13520 | D:11     | Noticed a two-headed ogre
 13534 | D:11     | Killed a two-headed ogre
 14363 | Lair:1   | Entered Level 1 of the Lair of Beasts
 14934 | Lair:1   | Noticed Asparus's ghost (journeyman DsCj)
 14938 | Lair:1   | Found a transporter.
 15018 | Lair:1   | Noticed Joseph
 15027 | Lair:1   | Killed Joseph
 15706 | Lair:1   | Found a transporter.
 15707 | Lair:1   | Found a one-way gate to the infinite horrors of the Abyss.
 15795 | Lair:1   | Noticed a rakshasa
 15816 | Lair:1   | Noticed a cacodemon
 15822 | Lair:1   | Noticed a rakshasa
 15897 | Lair:2   | Reached ** piety under the Shining One
 15968 | Lair:2   | Noticed a six-headed hydra
 15987 | Lair:2   | Killed a six-headed hydra
 16349 | Lair:2   | Reached XP level 13. HP: 79/89 MP: 20/20
 16457 | Lair:2   | Reached skill level 10 in Invocations
 16999 | Lair:2   | Found a staircase to the Swamp.
 17841 | Lair:3   | Reached *** piety under the Shining One
 17949 | Lair:3   | Found a frozen archway.
 18346 | Lair:3   | Noticed Amaemon
 18357 | Lair:3   | Killed Amaemon
 18476 | Lair:3   | Found a hole to the Spider Nest.
 18479 | Lair:3   | Noticed Nergalle
 18490 | Lair:3   | Killed Nergalle
 18490 | Lair:3   | Reached **** piety under the Shining One
 18607 | Lair:3   | Found a transporter.
 18609 | Lair:3   | Found a transporter.
 19055 | Lair:4   | Found a staircase to the Slime Pits.
 19055 | Lair:4   | Found a viscous altar of Jiyva.
 19345 | Lair:4   | Reached XP level 14. HP: 48/98 MP: 22/22
 19579 | Lair:4   | Reached skill level 10 in Dodging
 19799 | Lair:4   | Reached skill level 10 in Fighting
 20492 | Lair:5   | Entered Level 5 of the Lair of Beasts
 20901 | Lair:5   | Noticed Josephine
 20907 | Lair:5   | Killed Josephine
 20907 | Lair:5   | Reached ***** piety under the Shining One
 21115 | Lair:5   | Identified the blade talisman "Enosm" {Str+5 Int+4 Dex+3}
 21279 | Lair:5   | Identified the +6 war axe of Disintegration {venom, SInv}
 21348 | Lair:5   | Identified the +6 long sword of Lies {elec, Dex+2}
 21489 | Lair:5   | Found a large runed translucent door.
 21885 | Lair:5   | Found a large runed translucent door.
 22701 | Lair:5   | Identified the +1 scimitar of Wondrous Power {elec, *Rage
                  | rN+ Int+3}
 22829 | Lair:5   | Upgraded the game from 0.31-a0-1405-g2bb1a01664 to
                  | 0.31-a0-1467-g53b6572822
 22971 | Orc:1    | Entered Level 1 of the Orcish Mines
 22971 | Orc:1    | Noticed Maurice
 22972 | Orc:1    | Noticed Urug
 22978 | Orc:1    | Killed Maurice
 22982 | Orc:1    | Killed Urug
 22983 | Orc:1    | Noticed Snorg
 23111 | Orc:1    | Killed Snorg
 23303 | Orc:1    | Reached XP level 15. HP: 104/105 MP: 25/25
 23785 | Orc:2    | Entered Level 2 of the Orcish Mines
 23786 | Orc:2    | Found a staircase to the Elven Halls.
 23812 | Orc:2    | Found Tuonkam's Weapon Boutique.
 23957 | Orc:2    | Found Kugipidov's Antique Armour Shoppe.
 23957 | Orc:2    | Found Luow Sui's Magic Scroll Boutique.
 23990 | Orc:2    | Reached skill level 15 in Shapeshifting
 23994 | Orc:2    | Reached skill level 15 in Unarmed Combat
 24006 | Orc:2    | Found Nuli Hig's Magic Scroll Boutique.
 24006 | Orc:2    | Found Oxigaawn's Armour Emporium.
 24564 | Orc:2    | Noticed an orc warlord
 24570 | Orc:2    | Killed an orc warlord
 25391 | D:10     | Killed graki42's ghost
 25529 | Orc:2    | Bought a scroll of summoning for 152 gold pieces
 25529 | Orc:2    | Bought a scroll of revelation for 120 gold pieces
 25532 | Orc:2    | Bought a scroll of teleportation for 48 gold pieces
 25532 | Orc:2    | Bought a scroll of teleportation for 48 gold pieces
 25532 | Orc:2    | Bought a scroll of teleportation for 48 gold pieces
 25532 | Orc:2    | Bought a scroll of revelation for 120 gold pieces
 25532 | Orc:2    | Bought a scroll of immolation for 64 gold pieces
 25532 | Orc:2    | Bought a scroll of teleportation for 48 gold pieces
 25677 | Swamp:1  | Entered Level 1 of the Swamp
 25995 | Swamp:1  | Noticed Jorgrun
 26037 | Swamp:1  | Killed Jorgrun
 26338 | Swamp:1  | Reached skill level 15 in Invocations
 26871 | Swamp:2  | Reached XP level 16. HP: 113/113 MP: 27/27
 27713 | Swamp:3  | Noticed a fenstrider witch
 27713 | Swamp:3  | Paralysed by a fenstrider witch for 2 turns
 27723 | Swamp:3  | Paralysed by a fenstrider witch for 4 turns
 27731 | Swamp:3  | Killed a fenstrider witch
 27918 | Spider:1 | Entered Level 1 of the Spider Nest
 28237 | Spider:1 | You fall into a shaft and drop 1 floor!
 28237 | Spider:2 | Reached ****** piety under the Shining One
 29504 | Spider:2 | Reached skill level 1 in Spellcasting
 30897 | Spider:4 | Entered Level 4 of the Spider Nest
 30966 | Spider:4 | Reached XP level 17. HP: 120/120 MP: 23/28
 31114 | Spider:4 | HP: 1/157 [boulder beetle (15)]
 31611 | Spider:4 | Got a gossamer rune of Zot
 32043 | Spider:4 | Learned a level 5 spell: Freezing Cloud
 32393 | Swamp:3  | Found a shimmering altar of Xom.
 32401 | Swamp:3  | Reached skill level 1 in Conjurations
 32412 | Swamp:3  | Reached skill level 1 in Ice Magic
 32412 | Swamp:3  | Reached skill level 1 in Air Magic
 32793 | Swamp:4  | Entered Level 4 of the Swamp
 33308 | Swamp:4  | Reached skill level 1 in Evocations
 33321 | Swamp:4  | Reached XP level 18. HP: 128/128 MP: 26/29
 33355 | Swamp:4  | Noticed the 27-headed Lernaean hydra
 33366 | Swamp:4  | Killed the 27-headed Lernaean hydra
 33509 | Swamp:4  | Got a decaying rune of Zot
 34828 | D:13     | Found a gate to the Vaults.
 34929 | D:13     | Noticed Kirke
 34946 | D:13     | Killed Kirke
 35077 | D:13     | Found Ukeluff's Antique Weapon Shop.
 35608 | D:14     | Reached skill level 5 in Conjurations
 35614 | D:14     | Reached skill level 5 in Spellcasting
 35614 | D:14     | Reached skill level 5 in Ice Magic
 35621 | D:14     | Reached skill level 5 in Air Magic
 36193 | D:14     | Found a runed translucent gate.
 36193 | D:14     | Found a runed translucent gate.
 36194 | D:14     | Found a runed translucent gate.
 36199 | D:14     | Noticed bumbalina's ghost (journeyman GrMo)
 36206 | D:14     | Found an iron altar of Okawaru.
 36380 | D:15     | Entered Level 15 of the Dungeon
 36452 | D:15     | Paralysed by an orc sorcerer for 5 turns
 36563 | D:15     | Noticed Roxanne
 36583 | D:15     | Killed Roxanne
 36889 | D:15     | Reached skill level 5 in Evocations
 37005 | D:15     | Acquired the ring of Fanaticism {Fly SInv}
 37206 | D:15     | Found a staircase to the Depths.
 37379 | Depths:1 | Entered Level 1 of the Depths
 37401 | Depths:1 | Reached XP level 19. HP: 135/135 MP: 27/30
 37758 | Depths:1 | Found a one-way gate leading to the halls of Pandemonium.
 38215 | Depths:1 | Found a gateway to Hell.
 38226 | Depths:1 | Noticed a bone dragon
 38247 | Depths:1 | Killed a bone dragon
 38835 | Depths:1 | Found a one-way gateway to a ziggurat.
 39483 | Depths:1 | Found a basalt altar of Yredelemnul.
 39484 | Depths:1 | Noticed a profane servitor
 39507 | Depths:1 | Killed a profane servitor
 40699 | Depths:2 | HP: 4/202 [frost giant (illusionary)/bolt of cold (36)]
 40975 | Depths:2 | Reached XP level 20. HP: 142/142 MP: 29/31
 41620 | Depths:2 | Noticed a golden dragon
 41627 | Depths:2 | Paralysed by a sphinx for 5 turns
 41637 | Depths:2 | Killed a golden dragon
 42599 | Depths:3 | Found Kostroh's Antique Armour Shoppe.
 42781 | Depths:3 | Identified the orb of Bochen {*channel, rN+ Dex+4 SInv
                  | Stlth-}
 42781 | Depths:3 | Noticed Frederick
 42792 | Depths:3 | Killed Frederick
 43387 | Depths:3 | HP: 1/187 [fire giant/bolt of fire (22)]
 43389 | Depths:3 | Slain by a fire giant

Illustrated notes

Levels and vault maps discovered:
D:1:      ncdulo_halloftheorcs, layout_rooms, corexii_item_surrounded_by_moat
D:2:      layout_basic, dreamdust_wishing_well, hangedman_decor_slide_cut
D:3:      wad_woods_pond, layout_loops_corners, dreamdust_mushroom_princess,
          minmay_randomly_rotated_circles
D:4:      layout_layer_cave, hellmonk_ghost_happy_afterlife, nzn_random_ring
D:5:      layout_cave_pools, nicolae_ashenzari_panopticon,
          mainiacjoe_overflow_two_lobes, serial_gnoll_camp, gnoll_camp_mini_hut,
          gnoll_camp_mini_sergeant, gnoll_camp_mini_basic, gnoll_camp_medium_01,
          gnoll_camp_huts_basic, gnoll_camp_mini_doghouse, uniq_duvessa
D:6:      layout_basic
D:7:      layout_loops_ring, minmay_temple_entry_proselytizer,
          nicolae_eternal_life
D:8:      layout_basic, serial_rivers, chequers_serial_rivers_room_a,
          chequers_serial_rivers_micro_a, chequers_serial_rivers_small_3,
          chequers_serial_rivers_micro_e, chequers_serial_rivers_micro_d,
          chequers_serial_rivers_small_3, minmay_manual_monstrance
D:9:      layout_long_grid, orc_0_dummy, kennysheep_potato, uniq_prince_ribbit1
D:10:     nicolae_cairo_tiling_large, layout_basic,
          mainiacjoe_overflow_alcove_3, gammafunk_ghost_split, serial_shops,
          kennysheep_mini_moat, nicolae_shop_tiny_statue_garden,
          nicolae_shop_peninsula, shop, nicolae_shop_waterfront
D:11:     kennysheep_six_static_rooms, layout_basic
D:12:     layout_cave_pods, einodemon_armed_red_devil_minivault
D:13:     layout_rooms, david_vaults_4, serial_shops, nicolae_lakefront_shop,
          uniq_kirke
D:14:     layout_cave_pools, nrook_mini_vaults, serial_column_ruins,
          column_ruins_open_tiny, column_ruins_open_tiny,
          column_ruins_open_small, column_ruins_open_small,
          column_ruins_open_tiny, column_ruins_corridor_corner,
          gammafunk_ghost_fury_of_okawaru
D:15:     gammafunk_enter_depths_forms, layout_irregular_city,
          small_statue_alley_a, uniq_roxanne
Temple:   eino_wide_crystal_templ
Lair:1:   minmay_lair_oklob_chamber, layout_layer_cave,
          gammafunk_ghost_abyssal_escape, uniq_joseph
Lair:2:   layout_gridlike, minmay_swamp_entry_worms
Lair:3:   gammafunk_boulding_lane, layout_regular_city,
          spider_nest_entry_web_field, portal_ice_cave_entry_imps,
          grunt_megastairs_4, serial_bayou_shore_b, uniq_nergalle, uniq_amaemon
Lair:4:   layout_hall_layers, slime_entry_1, roderic_carrion_pond,
          beast_lair_carwin_6, grunt_megastairs_5, infiniplex_staircase_pool
Lair:5:   cheibrodos_lair_end_hotspot, layout_regular_city,
          serial_bayou_shore_b, uniq_josephine
Swamp:1:  tekkud_swamp_unearthing_site, layout_basic_swamp,
          evilmike_swamp_ruin_rubble_1, serial_swamp_ruin,
          hangedman_swamp_ruin_wall, evilmike_swamp_ruin_house_1,
          evilmike_swamp_ruin_house_2, uniq_jorgrun
Swamp:2:  layout_basic_swamp, nicolae_swamp_tree_designs,
          nicolae_swamp_decorative_isthmus
Swamp:3:  layout_falls_marsh, lemuel_altar_in_water
Swamp:4:  swamp_old_school, layout_basic_swamp, swamp_pool_5, grunt_witch_cave
Spider:1: layout_cave_pods
Spider:2: layout_chambers, hangedman_spider_tarantella_strand
Spider:3: layout_spider_delve, worms_lemuel, nicolae_spider_cling_halls
Spider:4: spider_rune_water
Orc:1:    layout_caves, uniq_maurice, uniq_snorg, uniq_urug
Orc:2:    st_orc_ogre_mass, layout_caves, serial_shops, nicolae_shop_mannequins,
          minmay_orc_barracks
Depths:1: layout_roguey, enter_ziggurat_c, grunt_mini_vestibule,
          rand_demon_pan_entry_5, minmay_misc_feat_rows,
          kennysheep_cluttered_room, hangedman_blasphemy
Depths:2: nzn_winding_woodlands_stair_cross [nzn_winding_woodlands_5x15_default,
          nzn_winding_woodlands_center_lodge,
          nzn_winding_woodlands_5x15_river_crossing,
          nzn_winding_woodlands_hourglass, nzn_winding_woodlands_5x5_default,
          nzn_winding_woodlands_5x15_eye,
          nzn_winding_woodlands_center_triple_pond,
          nzn_winding_woodlands_5x15_default], layout_gridlike,
          serial_library_hellmonk_open_cross, hangedman_tar_grid_catacomb,
          rand_demon_pan_entry_3
Depths:3: minmay_connected_boxes_in_corner, layout_gridlike,
          abyss_entry_small_statue_room, hell_entry, chequers_big_river,
          minmay_shop_star, uniq_frederick

Skill      XL: |  1  2  3  4  5  6  7  8  9 10 11 12 13 14 15 16 17 18 19 20 |
---------------+-------------------------------------------------------------+-----
Shapeshifting  | 4 5 6 7 8 10 11 12 13 14 15 16 17 | 17.8
Fighting       | 4 6 7 8 9 10 11 12 13 14 | 14.5
Dodging        | 4 6 7 8 9 10 11 12 13 14 | 14.5
Unarmed Combat | 5 7 10 11 13 14 15 16 17 | 17.3
Invocations    | 3 7 9 11 13 15 | 15.6
Spellcasting   | 2 4 5 6 7 |  7.4
Conjurations   | 3 6 7 8 |  8.5
Ice Magic      | 3 6 7 8 |  8.4
Air Magic      | 3 6 7 8 |  8.4
Evocations     | 1 5 7 9 |  9.8

Action                     |  1- 3 |  4- 6 |  7- 9 | 10-12 | 13-15 | 16-18 | 19-21 || total
---------------------------+-------+-------+-------+-------+-------+-------+-------++-------
  Melee: Unarmed           |    52 |   128 |   302 |   582 |   607 |   762 |   547 ||  2980
         Tentacles         |    10 |    28 |   101 |   179 |   153 |   174 |   110 ||   755
         Punch             |     2 |     5 |       |     6 |    77 |    96 |    97 ||   283
         Constrict         |    12 |    31 |    74 |   115 |    82 |    95 |    24 ||   433
         Tailslap          |       |       |       |       |       |    16 |    70 ||    86
         Bite              |       |       |       |       |       |    11 |    45 ||    56
   Cast: Freezing Cloud    |       |       |       |       |       |     2 |     6 ||     8
 Invoke: Divine Shield     |       |       |       |     2 |     5 |     5 |     5 ||    17
         Summon Divine War |       |       |       |       |     5 |     5 |     1 ||    11
         Cleansing Flame   |       |       |       |       |       |     1 |       ||     1
Ability: Breathe Fire      |       |       |       |       |       |       |     2 ||     2
  Evoke: Wand              |       |       |     3 |     3 |     5 |     2 |     1 ||    14
    Use: Scroll            |       |       |    20 |    10 |     4 |     3 |     5 ||    42
         Potion            |       |       |       |     3 |     1 |     5 |     2 ||    11
   Stab: Sleeping          |     3 |     8 |       |       |       |       |       ||    11
         Paralysed         |       |       |     6 |       |       |       |       ||     6
 Armour: Skin              |    20 |    54 |   134 |   215 |   266 |   712 |   428 ||  1829
  Dodge: Dodged            |    29 |    58 |   238 |   496 |   491 |  1360 |   495 ||  3167
  Block: Other             |       |       |       |     4 |    24 |    32 |    32 ||    92
   Form: Flux              |       |       |     1 |     1 |       |       |       ||     2
         Blade             |       |       |       |     2 |     1 |       |       ||     3
         Statue            |       |       |       |       |     1 |     1 |     1 ||     3
         Dragon            |       |       |       |       |       |     1 |     1 ||     2

Table legend: (Time is in decaauts)
 A = Elapsed time spent in this place.
 B = Non-inter-level travel time spent in this place.
 C = Inter-level travel time spent in this place.
 D = Time resting spent in this place.
 E = Time spent auto-exploring this place.
 F = Levels seen in this place.
 G = Mean time per level.
                   A        B        C        D        E       F      G
               +--------+--------+--------+--------+--------+-----+--------+
         Total |  49237 |  45980 |   3257 |   2694 |  35824 |  34 | 1448.1 |
       Dungeon |  19762 |  18481 |   1281 |   1198 |  14463 |  15 | 1317.5 |
        Temple |     26 |     16 |     10 |      0 |      0 |   1 |   26.0 |
          Lair |   8976 |   8232 |    744 |    193 |   6756 |   5 | 1795.2 |
         Swamp |   5581 |   5159 |    422 |    360 |   3851 |   4 | 1395.2 |
   Spider Nest |   6320 |   5983 |    337 |     76 |   4910 |   4 | 1580.0 |
  Orcish Mines |   1755 |   1548 |    207 |      0 |   1285 |   2 |  877.5 |
        Depths |   6814 |   6561 |    253 |    866 |   4559 |   3 | 2271.3 |
               +--------+--------+--------+--------+--------+-----+--------+

Top non-repeatable levels by time:
Depths:2: 2733 daAuts
  Lair:5: 2401 daAuts
Depths:1: 2399 daAuts
     D:4: 1971 daAuts
     D:5: 1966 daAuts
Spider:2: 1899 daAuts
    D:15: 1869 daAuts
     D:9: 1801 daAuts
  Lair:3: 1777 daAuts
Spider:4: 1745 daAuts
Depths:3: 1681 daAuts
  Lair:2: 1665 daAuts
  Lair:1: 1619 daAuts
    D:10: 1615 daAuts
    D:11: 1610 daAuts
